PIO (24 & UNDER)
JASPER COUGARS @ EAU CLAIRE ESQUIRES
07/22/2030
 
TOP OF THE 1ST
Jasper Cougars batting - Pitching for Eau Claire Esquires : LHP Alberto Caballero
Pitching: LHP Alberto Caballero
Batting: RHB Ben Wilson 0-0: Ball
1-0: Ball
2-0: SINGLE (Groundball, 4MD)
Batting: RHB Júlio González 0-0: Ball
1-0: Called Strike
1-1: Called Strike
1-2: Ball
2-2: SINGLE (Flyball, 9LS)
Ben Wilson to second
Runner from 2nd tries for 3rd, SAFE, no throw
Batting: RHB Donald Fenner 0-0: Called Strike
0-1: Fly out, F5 (Line Drive, 56)
Batting: RHB Andrés Pérez 0-0: Ball
1-0: Ball
2-0: Called Strike
2-1: Swinging Strike
2-2: Foul Ball, location: 2F
2-2: Ball
3-2: Strikes out looking
Batting: RHB Manny López 0-0: Called Strike
0-1: Ball
1-1: Ball
2-1: Foul Ball, location: 2F
2-2: Ball
3-2: DOUBLE (Line Drive, 89D)
Ben Wilson scores
Júlio González to third
Júlio González scores
Batting: RHB Tim Guerrero 0-0: Ball
1-0: Ball
2-0: Ball
3-0: Called Strike
3-1: Base on Balls
Batting: RHB Martín Pacheco 0-0: Ball
1-0: Bunt missed!
1-1: Ball
2-1: Fly out, F9 (Flyball, 9LMF)
Top of the 1st over - 2 runs, 3 hits, 0 errors, 2 left on base; Jasper 2 - Eau Claire 0
BOTTOM OF THE 1ST
Eau Claire Esquires batting - Pitching for Jasper Cougars : LHP Logan Brown
Pitching: LHP Logan Brown
Batting: LHB Matt Taylor 0-0: Called Strike
0-1: Ball
1-1: Swinging Strike
1-2: Strikes out swinging
Batting: RHB Tomás Rivera 0-0: Ball
1-0: Called Strike
1-1: Ball
2-1: Ball
3-1: Base on Balls
Batting: RHB River Cunningham 0-0: Ball
Tomás Rivera steals 2nd base
1-0: Foul Ball, location: 2F
1-1: Ball
2-1: Ball
3-1: Base on Balls
Batting: SHB Paul Davenport 0-0: Swinging Strike
0-1: Swinging Strike
0-2: Grounds into double play, 5-4-3 (Groundball, 56)
Bottom of the 1st over - 0 runs, 0 hits, 0 errors, 1 left on base; Jasper 2 - Eau Claire 0
TOP OF THE 2ND
Jasper Cougars batting - Pitching for Eau Claire Esquires : LHP Alberto Caballero
Batting: RHB Bob Vaughn 0-0: Ball
1-0: Called Strike
1-1: Called Strike
1-2: Ball
2-2: Strikes out looking
Batting: RHB Ollie Johnson 0-0: Swinging Strike
0-1: Foul Ball, location: 2F
0-2: Ball
1-2: Ball
2-2: Foul Ball, location: 2F
2-2: Ground out U3 (Groundball, 34S)
Batting: RHB Ben Wilson 0-0: Ball
1-0: SINGLE (Line Drive, 89S)
Batting: RHB Júlio González 0-0: Called Strike
Ben Wilson steals 2nd base
0-1: Foul Ball, location: 2F
0-2: Strikes out swinging, 2-3 out at first.
Top of the 2nd over - 0 runs, 1 hit, 0 errors, 1 left on base; Jasper 2 - Eau Claire 0
BOTTOM OF THE 2ND
Eau Claire Esquires batting - Pitching for Jasper Cougars : LHP Logan Brown
Batting: LHB Johnny Foley 0-0: Called Strike
0-1: SINGLE (Groundball, 4MD)
Batting: RHB Júlio Pinto 0-0: Ball
1-0: Ball
2-0: SINGLE (Line Drive, 56)
Johnny Foley to second
Batting: LHB Caleb Ruíz 0-0: Fly out, F8 (Flyball, 8LD)
Batting: RHB Kyle McIntyre 0-0: Grounds into double play, 6-4-3 (Groundball, 6)
Bottom of the 2nd over - 0 runs, 2 hits, 0 errors, 1 left on base; Jasper 2 - Eau Claire 0
TOP OF THE 3RD
Jasper Cougars batting - Pitching for Eau Claire Esquires : LHP Alberto Caballero
Batting: RHB Donald Fenner 0-0: Foul Ball, location: 2F
0-1: Ground out 4-3 (Groundball, 4M)
Batting: RHB Andrés Pérez 0-0: Foul Ball, location: 2F
0-1: Ground out 5-3 (Groundball, 56S)
Batting: RHB Manny López 0-0: Ball
1-0: Ground out 4-3 (Groundball, 4)
Top of the 3rd over - 0 runs, 0 hits, 0 errors, 0 left on base; Jasper 2 - Eau Claire 0
BOTTOM OF THE 3RD
Eau Claire Esquires batting - Pitching for Jasper Cougars : LHP Logan Brown
Batting: RHB David Brady 0-0: Called Strike
0-1: Fly out, F7 (Flyball, 78D)
Batting: LHB Matt Taylor 0-0: Called Strike
0-1: Swinging Strike
0-2: Ball
1-2: Ball
2-2: Strikes out looking
Batting: RHB Tomás Rivera 0-0: Ball
1-0: Foul Ball, location: 2F
1-1: Ball
2-1: Fly out, F9 (Flyball, 9LS)
Bottom of the 3rd over - 0 runs, 0 hits, 0 errors, 0 left on base; Jasper 2 - Eau Claire 0
TOP OF THE 4TH
Jasper Cougars batting - Pitching for Eau Claire Esquires : LHP Alberto Caballero
Batting: RHB Tim Guerrero 0-0: Foul Ball, location: 2F
0-1: Called Strike
0-2: Ball
1-2: Fly out, F7 (Flyball, 78D)
Batting: RHB Martín Pacheco 0-0: Swinging Strike
0-1: Foul Ball, location: 2F
0-2: Ball
1-2: Ball
2-2: Strikes out swinging
Batting: RHB Bob Vaughn 0-0: Ball
1-0: Ground out 6-3 (Groundball, 6)
Top of the 4th over - 0 runs, 0 hits, 0 errors, 0 left on base; Jasper 2 - Eau Claire 0
BOTTOM OF THE 4TH
Eau Claire Esquires batting - Pitching for Jasper Cougars : LHP Logan Brown
Batting: RHB River Cunningham 0-0: Ball
1-0: Ball
2-0: Ball
3-0: Called Strike
3-1: Base on Balls
Batting: SHB Paul Davenport 0-0: Foul Ball, location: 2F
0-1: Ground out 5-3 (Groundball, 5S)
River Cunningham to second
Batting: LHB Johnny Foley 0-0: Foul Ball, location: 2F
0-1: Called Strike
0-2: Foul Ball, location: 2F
0-2: SINGLE (Groundball, 56S) (infield hit)
River Cunningham to third
Batting: RHB Júlio Pinto 0-0: Ball
1-0: Ball
2-0: Fly out, F9 (Flyball, 9LMF)
Runner from 3rd tags up, SCORES, no throw
Batting: LHB Caleb Ruíz 0-0: SINGLE (Groundball, 34) (infield hit)
Johnny Foley to second
Batting: RHB Kyle McIntyre 0-0: Foul Ball, location: 2F
0-1: Ball
1-1: Called Strike
1-2: Ball
2-2: Strikes out swinging
Bottom of the 4th over - 1 run, 2 hits, 0 errors, 2 left on base; Jasper 2 - Eau Claire 1
TOP OF THE 5TH
Jasper Cougars batting - Pitching for Eau Claire Esquires : LHP Alberto Caballero
Batting: RHB Ollie Johnson 0-0: Ball
1-0: Swinging Strike
1-1: Ball
2-1: Ground out 5-3 (Groundball, 56)
Batting: RHB Ben Wilson 0-0: Ball
1-0: Ball
2-0: Swinging Strike
2-1: Foul Ball, location: 2F
2-2: Fly out, F7 (Line Drive, 7)
Batting: RHB Júlio González 0-0: Foul Ball, location: 2F
0-1: Ball
1-1: Ball
2-1: Foul Ball, location: 2F
2-2: Foul Ball, location: 2F
2-2: Strikes out looking
Top of the 5th over - 0 runs, 0 hits, 0 errors, 0 left on base; Jasper 2 - Eau Claire 1
BOTTOM OF THE 5TH
Eau Claire Esquires batting - Pitching for Jasper Cougars : LHP Logan Brown
Batting: RHB David Brady 0-0: Called Strike
0-1: Swinging Strike
0-2: Strikes out swinging
Batting: LHB Matt Taylor 0-0: Ball
1-0: Fly out, F9 (Flyball, 89D)
Batting: RHB Tomás Rivera 0-0: Ball
1-0: Ball
2-0: Called Strike
2-1: Foul Ball, location: 2F
2-2: Fly out, F8 (Flyball, 8LD)
Bottom of the 5th over - 0 runs, 0 hits, 0 errors, 0 left on base; Jasper 2 - Eau Claire 1
TOP OF THE 6TH
Jasper Cougars batting - Pitching for Eau Claire Esquires : LHP Alberto Caballero
Batting: RHB Donald Fenner 0-0: Called Strike
0-1: Ball
1-1: Swinging Strike
1-2: Ground out 6-3 (Groundball, 56D)
Batting: RHB Andrés Pérez 0-0: SINGLE (Line Drive, 6M)
Batting: RHB Manny López 0-0: Ball
1-0: Ball
2-0: Ball
3-0: Called Strike
3-1: SINGLE (Line Drive, 4M)
Andrés Pérez to second
Batting: RHB Tim Guerrero 0-0: Hit by Pitch
Andrés Pérez to third
Manny López to second
Batting: RHB Martín Pacheco 0-0: Ball
1-0: Fly out, F8 (Flyball, 8LD)
Runner from 3rd tags up, SCORES, throw made
Batting: RHB Bob Vaughn 0-0: Called Strike
0-1: Ball
1-1: Foul Ball, location: 2F
1-2: Ball
2-2: Foul Ball, location: 2F
2-2: Strikes out swinging
Top of the 6th over - 1 run, 2 hits, 0 errors, 2 left on base; Jasper 3 - Eau Claire 1
BOTTOM OF THE 6TH
Eau Claire Esquires batting - Pitching for Jasper Cougars : LHP Logan Brown
Batting: RHB River Cunningham 0-0: Called Strike
0-1: Ball
1-1: Swinging Strike
1-2: Ball
2-2: Strikes out looking
Batting: SHB Paul Davenport 0-0: Ball
1-0: Called Strike
1-1: Called Strike
1-2: Ball
2-2: Ball
3-2: Strikes out swinging
Batting: LHB Johnny Foley 0-0: Ball
1-0: Ground out 6-3 (Groundball, 6)
Bottom of the 6th over - 0 runs, 0 hits, 0 errors, 0 left on base; Jasper 3 - Eau Claire 1
TOP OF THE 7TH
Jasper Cougars batting - Pitching for Eau Claire Esquires : LHP Alberto Caballero
Batting: RHB Ollie Johnson 0-0: Foul Ball, location: 2F
0-1: SINGLE (Groundball, 4) (infield hit)
Batting: RHB Ben Wilson 0-0: Foul Ball, location: 2F
0-1: Foul Ball, location: 2F
0-2: Strikes out swinging
Batting: RHB Júlio González 0-0: Ball
Ollie Johnson is caught stealing 2nd base
1-0: Ball
2-0: Ball
3-0: Called Strike
3-1: Ground out 4-3 (Groundball, 4)
Top of the 7th over - 0 runs, 1 hit, 0 errors, 0 left on base; Jasper 3 - Eau Claire 1
BOTTOM OF THE 7TH
Eau Claire Esquires batting - Pitching for Jasper Cougars : LHP Logan Brown
Batting: RHB Júlio Pinto 0-0: Called Strike
0-1: Swinging Strike
0-2: Strikes out swinging
Batting: LHB Caleb Ruíz 0-0: Ball
1-0: Called Strike
1-1: Ground out 4-3 (Groundball, 4)
Batting: RHB Kyle McIntyre 0-0: SOLO HOME RUN (Flyball, 7D), Distance : 349 ft
Batting: RHB David Brady 0-0: Fly out, F9 (Flyball, 89S)
Bottom of the 7th over - 1 run, 1 hit, 0 errors, 0 left on base; Jasper 3 - Eau Claire 2
TOP OF THE 8TH
Jasper Cougars batting - Pitching for Eau Claire Esquires : LHP Alberto Caballero
Pitching: RHP Dani Granadas
Batting: RHB Donald Fenner 0-0: Ground out 6-3 (Groundball, 6)
Batting: RHB Andrés Pérez 0-0: Ball
1-0: Foul Ball, location: 2F
1-1: Ball
2-1: Swinging Strike
2-2: Strikes out swinging
Batting: RHB Manny López 0-0: Foul Ball, location: 2F
0-1: Ball
1-1: Ball
2-1: Ball
3-1: Fly out, F6 (Popup, 6MS)
Top of the 8th over - 0 runs, 0 hits, 0 errors, 0 left on base; Jasper 3 - Eau Claire 2
BOTTOM OF THE 8TH
Eau Claire Esquires batting - Pitching for Jasper Cougars : LHP Logan Brown
Batting: LHB Matt Taylor 0-0: Foul Ball, location: 2F
0-1: Called Strike
0-2: SINGLE (Groundball, 4MD)
Batting: RHB Tomás Rivera 0-0: Bunted foul
0-1: Bunted foul
0-2: Ground out 5-3 (Groundball, 56)
Matt Taylor to second
Batting: RHB River Cunningham 0-0: Ball
1-0: Ball
2-0: Foul Ball, location: 2F
2-1: Called Strike
2-2: Strikes out swinging
Batting: SHB Paul Davenport 0-0: Ball
1-0: Called Strike
1-1: Foul Ball, location: 2F
1-2: Fly out, F8 (Flyball, 78D)
Bottom of the 8th over - 0 runs, 1 hit, 0 errors, 1 left on base; Jasper 3 - Eau Claire 2
TOP OF THE 9TH
Jasper Cougars batting - Pitching for Eau Claire Esquires : RHP Dani Granadas
Pitching: RHP Shaun Harris
Batting: RHB Tim Guerrero 0-0: Foul Ball, location: 2F
0-1: Foul Ball, location: 2F
0-2: Ball
1-2: Fly out, F8 (Flyball, 8RM)
Batting: RHB Martín Pacheco 0-0: Swinging Strike
0-1: Foul Ball, location: 2F
0-2: Ball
1-2: Ball
2-2: Fly out, F7 (Line Drive, 7D)
Batting: RHB Bob Vaughn 0-0: Ball
1-0: Swinging Strike
1-1: Ball
2-1: Called Strike
2-2: Ball
3-2: Strikes out swinging
Top of the 9th over - 0 runs, 0 hits, 0 errors, 0 left on base; Jasper 3 - Eau Claire 2
BOTTOM OF THE 9TH
Eau Claire Esquires batting - Pitching for Jasper Cougars : LHP Logan Brown
Pitching: RHP Cipriano Román
Now in CF: Alberto Castillo
Batting: LHB Johnny Foley 0-0: Ball
1-0: Ball
2-0: Ball
3-0: Called Strike
3-1: Called Strike
3-2: Base on Balls
Pinch Hitting: LHB Steve Arnold 0-0: Called Strike
0-1: Ball
1-1: Ball
2-1: Sac Bunt - play at first, batter OUT! 2-4
Johnny Foley to second
Batting: LHB Caleb Ruíz 0-0: Ball
1-0: Foul Ball, location: 2F
1-1: Ball
2-1: Foul Ball, location: 2F
2-2: Foul Ball, location: 2F
2-2: Strikes out swinging
Batting: RHB Kyle McIntyre 0-0: Swinging Strike
0-1: Foul Ball, location: 2F
0-2: Ball
1-2: Strikes out swinging
Bottom of the 9th over - 0 runs, 0 hits, 0 errors, 1 left on base; Jasper 3 - Eau Claire 2
Saturday, April 7th, 2018 - OOTP Baseball 18.8 Build 76